 Dungeon Crawl Stone Soup version 0.27-a0-1302-g7736ffe575 (webtiles) character file.

Game seed: 8670531612099015238

69244 BlueGoblin the Fencer (level 14, -39/130 HPs)
             Began as a Minotaur Fighter on June 18, 2021.
             Was a High Priest of Okawaru.
             Killed from afar by an ice dragon (60 damage)
             ... with a blast of cold
             ... on level 6 of the Lair of Beasts.
             The game lasted 00:53:38 (20288 turns).

BlueGoblin the Fencer (Minotaur Fighter)           Turns: 20288, Time: 00:53:41

Health: -39/130    AC: 21    Str: 28    XL:     14   Next: 89%
Magic:  0/17       EV: 17    Int:  5    God:    Okawaru [*****.]
Gold:   688        SH: 16    Dex: 12    Spells: 13/13 levels left

rFire    + + +     SeeInvis .   a - +2 double sword (flame)
rCold    x . .     Faith    .   c - +0 kite shield
rNeg     . . .     Spirit   +   X - +2 ring mail of Grottiness {rF+++ rC- Regen+ Int+2}
rPois    .         Reflect  .   (helmet restricted)
rElec    .         Harm     .   M - +0 cloak {rCorr}
rCorr    +         Rampage  .   L - +2 pair of gloves
Will     +....                  (no boots)
Stlth    +.........             Q - amulet of the Pariah {Spirit rF+ Regen+}
HPRegen  2.31/turn              R - ring "Zurych" {AC+4 Str+4 Stlth-}
MPRegen  0.15/turn              j - +4 ring of slaying

@: heroic, very slow
A: horns 2, retaliatory headbutt, iridescent scales 1, dopey 1
a: Renounce Religion, Heroism, Finesse


You were on level 6 of the Lair of Beasts.
You worshipped Okawaru.
Okawaru was extremely pleased with you.
You visited 4 branches of the dungeon, and saw 22 of its levels.

You collected 1288 gold pieces.
You spent 600 gold pieces at shops.

Inventory:

Hand Weapons
 a - a +2 double sword of flaming (weapon)
 b - a +2 hunting sling of freezing
 u - the +1 rapier "Killer Klown's Doom" {freeze, rN+ Int+5 Dex+6}
   (You found it on level 9 of the Dungeon)

   It has been specially enchanted to freeze those struck by it, causing extra
   injury to most foes and up to half again as much damage against particularly
   susceptible opponents.
   It can also slow down cold-blooded creatures.
   It affects your intelligence (+5).
   It affects your dexterity (+6).
   It protects you from negative energy.
 W - a +2 vorpal great mace
Missiles
 k - 89 poisoned darts (quivered)
 q - 9 throwing nets
 t - 263 stones
 v - 3 silver javelins
 H - 4 curare-tipped darts
 J - 90 sling bullets
 T - 5 datura-tipped darts
Armour
 c - a +0 kite shield (worn)
 y - a +0 chain mail
 A - the +1 leather armour "Gochit" {rElec rC++}
   (You found it on level 8 of the Dungeon)

   It greatly protects you from cold.
   It insulates you from electricity.
 D - the +2 leather armour "Vurchudd" {rElec rPois Regen+}
   (You found it on level 10 of the Dungeon)

   It insulates you from electricity.
   It protects you from poison.
   It increases your rate of health regeneration.
 G - +0 fire dragon scales
 L - a +2 pair of gloves (worn)
 M - a +0 cloak of preservation (worn)
 S - a +0 plate armour
 X - the +2 ring mail of Grottiness (worn) {rF+++ rC- Regen+ Int+2}
   (Okawaru gifted it to you on level 6 of the Lair of Beasts)

   It affects your intelligence (+2).
   It renders you almost immune to fire.
   It makes you vulnerable to cold.
   It increases your rate of health regeneration.
Jewellery
 g - a ring of see invisible
 j - a +4 ring of slaying (right hand)
 o - a ring of protection from fire
 x - a ring of protection from cold
 E - a +6 ring of dexterity
 Q - the amulet of the Pariah (around neck) {Spirit rF+ Regen+}
   (You acquired it on level 3 of the Lair of Beasts)

   [amulet of guardian spirit]

   It causes incoming damage to be divided between your reserves of health and
   magic.
   It protects you from fire.
   It increases your rate of health regeneration.
 R - the ring "Zurych" (left hand) {AC+4 Str+4 Stlth-}
   (You bought it in a shop on level 2 of the Dungeon)

   [ring of protection]

   It affects your AC (+4).
   It affects your strength (+4).
   It makes you less stealthy.
Wands
 n - a wand of iceblast (28)
 r - a wand of charming (6)
 I - a wand of paralysis (9)
 O - a wand of polymorph (23)
 Y - a wand of digging (7)
Scrolls
 e - 14 scrolls of identify
 f - 6 scrolls of amnesia
 s - a scroll of enchant armour
 w - 2 scrolls of magic mapping
 B - a scroll of enchant weapon
 N - 5 scrolls of teleportation
 U - a scroll of blinking
Potions
 d - a potion of might
 h - a potion of degeneration {unknown}
 i - 3 potions of brilliance
 l - 2 potions of magic
 m - a potion of cancellation
 p - 2 potions of invisibility {unknown}
 z - 8 potions of ambrosia
 C - 3 potions of lignification
 F - 2 potions of heal wounds
 K - 3 potions of curing
 P - 2 potions of resistance
 V - a potion of flight {unknown}
Miscellaneous
 Z - a phantom mirror


   Skills:
 + Level 13.8(18.8) Fighting
 + Level 17.5(22.5) Long Blades
 + Level 3.8(8.8) Slings
 + Level 10.1(15.1) Armour
 + Level 9.5(14.5) Dodging
 + Level 3.5(8.5) Stealth
 + Level 14.3(19.3) Shields
 + Level 6.0 Invocations


You had 13 spell levels left.
You didn't know any spells.
Your spell library contained the following spells:

 Spells                   Type           Power      Damage    Failure   Level
 Animate Skeleton         Necr           0%         N/A       56%         1
 Corona                   Hex            0%         N/A       56%         1
 Foxfire                  Conj/Fire      0%         2x1d4     56%         1
 Pain                     Necr           0%         1d4       56%         1
 Sandblast                Erth           0%         2d4       56%         1
 Passwall                 Tmut/Erth      0%         N/A       71%         2
 Slow                     Hex            0%         N/A       71%         2
 Conjure Flame            Conj/Fire      0%         6-21      90%         3
 Inner Flame              Hex/Fire       0%         N/A       90%         3
 Portal Projectile        Hex/Tloc       0%         N/A       90%         3
 Stone Arrow              Conj/Erth      0%         3d7       90%         3
 Vampiric Draining        Necr           0%         2d6       90%         3
 Animate Dead             Necr           0%         N/A       100%        4
 Cause Fear               Hex            0%         N/A       100%        4
 Leda's Liquefaction      Hex/Erth       0%         N/A       100%        4
 Petrify                  Tmut/Erth      0%         N/A       100%        4
 Sticky Flame             Conj/Fire      0%         2d3       100%        4
 Agony                    Necr           0%         N/A       100%        5
 Borgnjor's Vile Clutch   Necr/Erth      0%         N/A       100%        5
 Fireball                 Conj/Fire      0%         3d3       100%        5
 Lee's Rapid Deconstruct  Erth           0%         3d5*      100%        5
 Death Channel            Necr           0%         N/A       100%        6
 Simulacrum               Ice/Necr       0%         N/A       100%        6


Dungeon Overview and Level Annotations

Branches:
Dungeon (14/15)            Temple (1/1) D:7            Lair (6/6) D:9
  Swamp (0/4) Lair:3        Snake (1/4) Lair:3        Slime (0/5) Lair:6
    Orc (0/2) D:9
 Vaults: D:13-14

Altars:
Ashenzari
Cheibriados
Dithmenos
Elyvilon
Fedhas
Gozag
Hepliaklqana
Kikubaaqudgha
Makhleb
Nemelex Xobeh
Okawaru
Qazlal
Ru
Sif Muna
Trog
Uskayaw
Vehumet
Wu Jian
Xom
Yredelemnul
Zin
The Shining One

Shops:
D:2 =   D:10 (:   D:14 :[:


Innate Abilities, Weirdness & Mutations

You have a pair of horns on your head.
You reflexively headbutt those who attack you in melee.
You are partially covered in iridescent scales. (AC +2)
You are dopey. (Int -2)


Message History

Found an escape hatch in the ceiling.
You enter the shallow water.
Moving in this stuff is going to be slow.
The white imp gestures at you. The puff of frost hits you!
You feel a terrible chill!
An ice dragon comes into view.
The ice dragon roars deafeningly!
The white imp gestures at you. You block the puff of frost.
You enter the shallow water.
Moving in this stuff is going to be slow.
A white imp comes into view.
The ice dragon breathes frost at you.
The blast of cold hits the white imp!
The white imp resists.
The blast of cold hits you!!
You feel a terrible chill!
The white imp shouts, "Slither away, thou horrid tip-merry bladder!"
You slice the white imp!! You burn the white imp.
You kill the white imp!
You are engulfed in freezing vapours.
Unknown command.
Unknown command.
You enter the shallow water.
Moving in this stuff is going to be slow.
The ice dragon breathes frost at you. The blast of cold hits you!!!
You feel a terrible chill! Why would you want to do that?
The white imp gestures at you. The puff of frost hits you!
You feel a terrible chill! The ice dragon breathes frost at you.
The blast of cold hits you!!
You feel a terrible chill!
You gain the combat prowess of a mighty hero.
You are engulfed in freezing vapours.
* * * LOW HITPOINT WARNING * * *
You feel much better.
You are engulfed in freezing vapours.
* * * LOW HITPOINT WARNING * * *
The white imp gestures at you. You block the puff of frost.
The ice dragon breathes frost at you. The blast of cold hits you!!!
You feel a terrible chill!
You die...
P#...≈# ..<##≈≈8≈≈≈.....♣♣ ≈PP

##...≈# #..#≈≈≈≈≈...P.. ≈≈≈
#.##≈≈## ≈.5#≈≈≈..# #...≈≈≈##
##≈#≈≈≈≈.# #..≈≈≈≈≈#####≈≈≈≈≈≈≈.#
..≈≈≈≈≈≈≈...≈≈5≈.≈≈≈.# ≈≈≈≈≈≈
...≈≈≈≈≈....≈≈≈##≈≈..#...♣≈≈≈≈≈P≈
#.#≈≈≈...⌠..≈≈≈≈D≈.##.....♣P≈≈P≈≈
♣.............≈≈@..#.......P≈≈≈≈≈
♣.#....##....≈..............♣≈≈P≈
.............................≈≈≈.
♣#.[..........##..............≈♣.
≈♣...............................
≈≈...........##.#................
.........÷....##.<......[..P##...
...........^.##............###...
≈≈≈≈........####.........#.#.....


You could see an ice dragon (catching breath) and a white imp.

Vanquished Creatures
  The ghost of morra the Transmogrifier, a journeyman OpTm of Uskayaw (Lair:3)
  The ghost of Matir the Destroyer, a journeyman TeFE of Vehumet (Lair:1)
  A fire dragon (D:14)
  A rakshasa (D:14)
  Harold (Lair:1)
  A boulder beetle (D:11)
  3 catoblepae (Lair:6)
  11 hydras
  9 death yaks
  The ghost of Delamore the Cruncher, a novice FoFi of Gozag (D:8)
  A flayed ghost (D:14)
  2 cyclopes
  A deep elf pyromancer (D:14)
  2 ugly things
  3 oklob plants
  3 manticores
  38 elephants
  15 cane toads
  2 molten gargoyles (D:11)
  A torpor snail (Lair:5)
  8 black mambas
  Joseph (D:10)
  2 rime drakes
  8 komodo dragons
  2 trolls
  A queen bee (D:9)
  A hornet (D:7)
  2 polar bears
  A meliai (D:14)
  3 blink frogs (Lair:5)
  4 dream sheep (Lair:5)
  Sigmund (D:6)
  3 wyverns
  The ghost of HAL9000 the Sneak, an amateur VSBr (D:4)
  2 wraiths (D:11)
  50 yaks
  4 basilisks
  Edmund (D:6)
  An acid dragon (D:9)
  27 water moccasins
  A sky beast (D:8)
  A black bear (D:6)
  2 ice beasts (D:6)
  An orc warrior (D:7)
  A hornet zombie (D:5)
  12 wolves
  3 ogres
  4 necrophages
  4 centaurs
  A rime drake zombie (D:9)
  10 bullfrogs
  3 kobold brigands
  A wyvern zombie (D:9)
  2 scorpions
  28 killer bees
  14 wights
  2 howler monkeys (D:11)
  5 electric eels
  5 lava snakes (D:11)
  2 centaur zombies
  5 hounds
  3 jellies
  A bullfrog skeleton (D:6)
  An orc priest (D:7)
  4 iguanas
  3 orc wizards
  A howler monkey zombie (D:5)
  6 gnolls
  3 adders
  2 shadow imps
  2 white imps
  3 dart slugs
  20 orcs
  5 endoplasms
  A giant cockroach (D:1)
  6 goblins
  6 hobgoblins
  2 jackals (D:3)
  4 quokkas
  6 ball pythons
  2 bats
  2 frilled lizards
  17 kobolds
  4 rats
432 creatures vanquished.

Vanquished Creatures (others)
  Erica (D:10)
  15 fungi
  23 plants
39 creatures vanquished.

Grand Total: 471 creatures vanquished

Notes
Turn   | Place    | Note
-------+----------+-------------------------------------------
     0 | D:1      | BlueGoblin the Minotaur Fighter began the quest for the
                  | Orb.
     0 | D:1      | Reached XP level 1. HP: 19/19 MP: 0/0
   343 | D:1      | Reached XP level 2. HP: 24/27 MP: 1/1
   621 | D:1      | Found a faded altar of an unknown god.
   806 | D:2      | Found Jeh Cefi's Jewellery Shoppe.
  1345 | D:2      | Found a shadowy altar of Dithmenos.
  1533 | D:3      | Reached XP level 3. HP: 33/33 MP: 2/2
  1647 | D:3      | Reached skill level 3 in Long Blades
  2069 | D:3      | Reached skill level 4 in Long Blades
  2069 | D:3      | Reached XP level 4. HP: 33/40 MP: 3/3
  2229 | D:3      | Reached skill level 1 in Dodging
  2533 | D:4      | Reached XP level 5. HP: 46/46 MP: 4/4
  2684 | D:4      | Noticed an ogre
  2687 | D:4      | Killed an ogre
  2688 | D:4      | Reached skill level 5 in Long Blades
  2688 | D:4      | Reached skill level 5 in Armour
  2935 | D:4      | Found a runed translucent gate.
  3048 | D:4      | Found a runed translucent gate.
  3048 | D:4      | Noticed HAL9000's ghost (amateur VSBr)
  3049 | D:4      | Found a runed translucent gate.
  3375 | D:4      | Noticed a centaur
  3387 | D:4      | Killed a centaur
  3388 | D:4      | Reached XP level 6. HP: 49/53 MP: 5/5
  3420 | D:4      | Reached skill level 5 in Shields
  3954 | D:4      | Killed HAL9000's ghost
  3955 | D:4      | Reached skill level 6 in Long Blades
  3955 | D:4      | Reached XP level 7. HP: 44/60 MP: 6/6
  4344 | D:5      | Entered Level 5 of the Dungeon
  4542 | D:5      | Found an iron altar of Okawaru.
  4555 | D:5      | Became a worshipper of Warmaster Okawaru
  5523 | D:5      | Identified a scroll of acquirement
  5523 | D:5      | Acquired a +1 double sword of flaming
  5673 | D:5      | Found a glowing silver altar of Zin.
  5673 | D:5      | Noticed an angel
  5797 | D:6      | Noticed Edmund
  5801 | D:6      | Killed Edmund
  5801 | D:6      | Reached * piety under Okawaru
  5802 | D:6      | Reached skill level 5 in Fighting
  5802 | D:6      | Reached XP level 8. HP: 61/68 MP: 7/7
  5869 | D:6      | Reached skill level 7 in Long Blades
  5869 | D:6      | Reached skill level 1 in Stealth
  5946 | D:6      | Noticed Sigmund
  5962 | D:6      | Gained mutation: You are dopey. (Int -2) [potion of
                  | mutation]
  5962 | D:6      | Gained mutation: You are partially covered in iridescent
                  | scales. (AC +2) [potion of mutation]
  5968 | D:6      | Killed Sigmund
  6851 | D:6      | Reached ** piety under Okawaru
  6864 | D:6      | Reached skill level 8 in Long Blades
  7265 | D:7      | Reached XP level 9. HP: 74/74 MP: 8/8
  7274 | D:7      | Found a staircase to the Ecumenical Temple.
  7652 | D:7      | Reached skill level 9 in Long Blades
  7663 | D:7      | Reached skill level 1 in Invocations
  7804 | D:7      | Found a glowing golden altar of the Shining One.
  7878 | Temple   | Entered the Ecumenical Temple
  8046 | D:8      | Reached *** piety under Okawaru
  8258 | D:8      | Reached skill level 10 in Long Blades
  8308 | D:8      | Identified the +1 leather armour "Gochit" {rElec rC++}
  8933 | D:8      | Noticed Delamore's ghost (novice FoFi)
  8934 | D:8      | Found a runed translucent door.
  8951 | D:8      | Killed Delamore's ghost
  8951 | D:8      | Reached **** piety under Okawaru
  8952 | D:8      | Reached skill level 11 in Long Blades
  8952 | D:8      | Reached XP level 10. HP: 79/84 MP: 7/10
  9005 | D:8      | Found a radiant altar of Vehumet.
  9262 | D:9      | Identified the +1 rapier "Killer Klown's Doom" {freeze, rN+
                  | Int+5 Dex+6}
  9464 | D:9      | Found a staircase to the Orcish Mines.
  9692 | D:9      | Found a staircase to the Lair.
  9698 | D:9      | Reached skill level 12 in Long Blades
  9830 | D:9      | Reached ***** piety under Okawaru
 10004 | D:10     | Entered Level 10 of the Dungeon
 10146 | D:10     | Found Kigakkim's Book Emporium.
 10233 | D:10     | Noticed Erica
 10271 | D:10     | Killed Erica
 10617 | D:10     | Found an opulent altar of Gozag.
 10641 | D:10     | Found Istruk's Weapon Shop.
 10645 | D:10     | Noticed Joseph
 10653 | D:10     | Killed Joseph
 10654 | D:10     | Reached skill level 10 in Shields
 10807 | D:10     | Found a blossoming altar of Fedhas.
 10807 | D:10     | Found a bloodstained altar of Trog.
 10935 | D:10     | Identified the +2 leather armour "Vurchudd" {rElec rPois
                  | Regen+}
 11076 | D:11     | Reached XP level 11. HP: 94/94 MP: 11/11
 11175 | D:11     | You fall into a shaft and drop 3 floors!
 11247 | D:14     | Noticed a fire dragon
 11257 | D:14     | Killed a fire dragon
 11257 | D:14     | Received a gift from Okawaru
 11336 | D:14     | Noticed a deep elf pyromancer
 11343 | D:14     | Killed a deep elf pyromancer
 11344 | D:14     | Reached skill level 13 in Long Blades
 11404 | D:14     | Found Veakymp's Book Boutique.
 11436 | D:14     | Noticed a flayed ghost
 11443 | D:14     | Killed a flayed ghost
 11525 | D:14     | Found Ysebro's Book Shop.
 11542 | D:14     | Noticed a rakshasa
 11554 | D:14     | Killed a rakshasa
 11685 | D:14     | Found Baad's Armour Boutique.
 11758 | D:13     | Noticed a brown ugly thing
 11763 | D:13     | Killed a brown ugly thing
 11906 | D:11     | Reached skill level 1 in Slings
 12031 | D:11     | Found a hazy altar of Hepliaklqana.
 12597 | D:11     | Noticed a boulder beetle
 12614 | D:11     | Noticed a brown ugly thing
 12625 | D:11     | Killed a boulder beetle
 12631 | D:11     | Killed a brown ugly thing
 13044 | D:12     | Noticed a six-headed hydra
 13053 | D:12     | Killed a one-headed hydra
 13054 | D:12     | Reached skill level 14 in Long Blades
 13054 | D:12     | Reached skill level 5 in Dodging
 13054 | D:12     | Reached XP level 12. HP: 83/105 MP: 13/13
 13302 | Lair:1   | Entered Level 1 of the Lair of Beasts
 13504 | Lair:1   | Found a burning altar of Makhleb.
 13625 | Lair:1   | Noticed a five-headed hydra
 13633 | Lair:1   | Killed a one-headed hydra
 13634 | Lair:1   | Reached skill level 10 in Armour
 13672 | Lair:1   | Received a gift from Okawaru
 13696 | Lair:1   | Found a runed translucent door.
 13698 | Lair:1   | Noticed Matir's ghost (journeyman TeFE)
 13710 | Lair:1   | Reached skill level 10 in Fighting
 13732 | Lair:1   | Killed Matir's ghost
 14065 | Lair:1   | Noticed a five-headed hydra
 14072 | Lair:1   | Killed a one-headed hydra
 14174 | Lair:1   | Reached skill level 15 in Long Blades
 14212 | Lair:1   | Noticed Harold
 14226 | Lair:1   | Killed Harold
 14544 | Lair:2   | Noticed a seven-headed hydra
 14551 | Lair:2   | Killed a five-headed hydra
 14880 | Lair:2   | Received a gift from Okawaru
 15430 | Lair:3   | Reached XP level 13. HP: 109/116 MP: 15/15
 15452 | Lair:3   | Found a runed translucent gate.
 15453 | Lair:3   | Found a runed translucent gate.
 15453 | Lair:3   | Found a runed translucent gate.
 15465 | Lair:3   | Found a staircase to the Snake Pit.
 15672 | Lair:3   | Received a gift from Okawaru
 15729 | Lair:3   | Found a staircase to the Swamp.
 15948 | Lair:3   | Reached skill level 16 in Long Blades
 15992 | Lair:3   | Noticed morra's ghost (journeyman OpTm)
 16679 | Lair:3   | Killed morra's ghost
 16730 | Lair:3   | Acquired the amulet of the Pariah {Spirit rF+ Regen+}
 16968 | D:2      | Bought the ring "Zurych" {AC+4 Str+4 Stlth-} for 600 gold
                  | pieces
 17166 | Snake:1  | Entered Level 1 of the Snake Pit
 17776 | Lair:4   | Reached skill level 5 in Invocations
 18161 | Lair:5   | Received a gift from Okawaru
 18209 | Lair:5   | Reached XP level 14. HP: 127/127 MP: 2/17
 18725 | Lair:5   | Reached ****** piety under Okawaru
 19092 | Lair:6   | Entered Level 6 of the Lair of Beasts
 19103 | Lair:6   | Received a gift from Okawaru
 19109 | Lair:6   | Reached skill level 17 in Long Blades
 19347 | Lair:6   | Found a staircase to the Slime Pits.
 19354 | Lair:6   | Received a gift from Okawaru
 19742 | Lair:6   | Identified the +2 ring mail of Grottiness {rF+++ rC- Regen+
                  | Int+2} (Okawaru gifted it to you on level 6 of the Lair of
                  | Beasts)
 19742 | Lair:6   | Received a gift from Okawaru
 20288 | Lair:6   | Killed from afar by an ice dragon

Illustrated notes

Levels and vault maps discovered:
D:1:      eino_arrival_cavern_a, layout_basic,
          shapermc_ecumenical_altar_mp_highgroup
D:2:      layout_basic, serial_shops, nicolae_shop_crystal, basic_altar,
          roderic_lattice_a
D:3:      layout_loops_corners, kennysheep_generic_room_9
D:4:      layout_loops_corners, gammafunk_ghost_nasty_kobolds
D:5:      layout_loops_corners, zin_angel, lemuel_doored_altar,
          serial_park_tiny_2
D:6:      layout_rooms, uniq_sigmund, uniq_edmund
D:7:      layout_loops_cross, lemuel_round_altar, minmay_temple_entry_large_hall
D:8:      layout_loops_ring, vehumet_crystals, hellmonk_ghost_happy_afterlife
D:9:      layout_roguey [special_room_bee], erik_lair_island
D:10:     layout_irregular_city, nicolae_gozag_cash_rules_everything_around_me,
          grunt_temple_overflow_open, serial_shops, nicolae_shop_behind_doors,
          nicolae_diamond_shop, uniq_erica, uniq_joseph
D:11:     cheibrodos_magma_flow, layout_basic, nicolae_hepliaklqana_hazy_memory
D:12:     layout_irregular_city, nicolae_trove_entry_diagonal, enter_bailey_7,
          portal_ice_cave_entry_pillars_1
D:13:     layout_basic, david_vaults_2
D:14:     layout_gridville, serial_shops, shop, shop, shop, shop,
          nicolae_shop_crystal, kennysheep_cross_landing,
          kennysheep_flooded_box, lightli_elemental_guards
Temple:   minmay_freezing_vapour_temple
Lair:1:   layout_cave_pods, ebering_ghost_inner_flame, basic_altar, uniq_harold
Lair:2:   layout_hall_layers, roderic_carrion_pond, lemuel_fruit_tree
Lair:3:   layout_cave_shapes, swamp_mist_pool, minmay_snake_entry_six_corridors,
          gammafunk_ghost_split
Lair:4:   beast_lair_carwin_large_2, layout_misc_corridors, serial_bayou_shore_a
Lair:5:   wander_river, layout_gridlike
Lair:6:   evilmike_catoblepas_cave, layout_cave_pods,
          minmay_slime_entry_oklob_enclosed, serial_bayou,
          serial_bayou_lagoon_b, serial_bayou_pond_c, serial_bayou_lagoon_a,
          serial_bayou_ford_a, bobbens_ice_dragon_lair
Snake:1:  layout_rooms

Skill      XL: |  1  2  3  4  5  6  7  8  9 10 11 12 13 14 |
---------------+-------------------------------------------+-----
Fighting       | 4 5 6 8 9 11 12 13 | 13.8
Armour         | 4 5 6 7 8 9 10 | 10.1
Shields        | 4 5 6 7 9 10 11 12 13 14 | 14.3
Long Blades    | 4 5 6 8 11 12 14 15 16 17 | 17.5
Dodging        | 1 2 3 5 7 9 |  9.5
Stealth        | 1 2 3 |  3.5
Invocations    | 1 2 3 4 5 6 |  6.0
Slings         | 3 |  3.8

Action                   |  1- 3 |  4- 6 |  7- 9 | 10-12 | 13-15 || total
-------------------------+-------+-------+-------+-------+-------++-------
Melee: Long sword        |    77 |    91 |    55 |       |       ||   223
       Headbutt          |    10 |    20 |    39 |    93 |   140 ||   302
       Double sword      |       |       |   149 |   379 |   456 ||   984
 Fire: Hunting sling     |       |       |       |    22 |       ||    22
Invok: Heroism           |       |       |     7 |    21 |    18 ||    46
       Finesse           |       |       |       |     5 |     7 ||    12
  Use: Scroll            |     3 |     2 |     7 |     8 |     1 ||    21
       Potion            |       |       |     5 |     3 |     1 ||     9
Armor: Scale mail        |    36 |    30 |    22 |       |       ||    88
       Chain mail        |       |       |    68 |    44 |       ||   112
       Skin              |       |       |     1 |       |       ||     1
       Leather armour    |       |       |       |    46 |   115 ||   161
       Ring mail         |       |       |       |       |    12 ||    12
Dodge: Dodged            |    28 |    28 |    81 |    92 |   191 ||   420
Block: Kite shield       |    36 |    68 |   147 |   219 |   247 ||   717
       Rpst.: Long sword |     5 |     7 |     4 |       |       ||    16
       Double sword      |       |       |     8 |    25 |    36 ||    69

Table legend: (Time is in decaauts)
 A = Elapsed time spent in this place.
 B = Non-inter-level travel time spent in this place.
 C = Inter-level travel time spent in this place.
 D = Time resting spent in this place.
 E = Time spent auto-exploring this place.
 F = Levels seen in this place.
 G = Mean time per level.
                   A        B        C        D        E       F      G
               +--------+--------+--------+--------+--------+-----+--------+
         Total |  20163 |  18934 |   1229 |   3893 |  11455 |  22 |  916.5 |
       Dungeon |  13670 |  12736 |    934 |   3141 |   7255 |  14 |  976.4 |
        Temple |     13 |     13 |      0 |      0 |      0 |   1 |   13.0 |
          Lair |   6477 |   6182 |    295 |    752 |   4200 |   6 | 1079.5 |
     Snake Pit |      1 |      1 |      0 |      0 |      0 |   1 |    1.0 |
               +--------+--------+--------+--------+--------+-----+--------+

Top non-repeatable levels by time:
     D:5: 1761 daAuts
     D:4: 1565 daAuts
     D:3: 1406 daAuts
  Lair:3: 1392 daAuts
    D:11: 1344 daAuts
     D:8: 1286 daAuts
     D:6: 1154 daAuts
  Lair:6: 1144 daAuts
    D:10: 1142 daAuts
  Lair:2: 1064 daAuts
  Lair:1: 1043 daAuts
  Lair:5: 923 daAuts
     D:7: 922 daAuts
  Lair:4: 909 daAuts
     D:2: 821 daAuts
